 Dungeon Crawl Stone Soup version 0.31-a0-986-g5e6e4ef867 (webtiles) character file.

Game seed: 16911111508958320427

19135 serber55 the Frost Mage (level 12, -2/95 HPs)
             Began as a Demonspawn Ice Elementalist on Nov 14, 2023.
             Was an Initiate of Gozag.
             Slain by an orc knight
             ... wielding a +2 war axe of venom
              (15 damage)
             ... on level 11 of the Dungeon.
             The game lasted 01:22:23 (15335 turns).

serber55 the Frost Mage (DsIE)                     Turns: 15335, Time: 01:22:24

Health: -2/95      AC: 10    Str: 22    XL:     12   Next: 33%
Magic:  5/24       EV: 18    Int: 21    God:    Gozag
Gold:   1223       SH:  0    Dex: 19    Spells: 7/28 levels left

rFire   . . .        E - +9 dagger
rCold   . . .        (no shield)
rNeg    . . .        A - +1 robe "Aneabb" {Contam Str+6}
rPois   .            (helmet unavailable)
rElec   .            G - +1 cloak
rCorr   +            s - +1 pair of gloves {Str+3}
SInv    +            M - +0 pair of boots {Fly}
Will    .....        n - amulet of magic regeneration
Stlth   ++           J - ring of Dyeroir {Wiz Will- Dex+5}
HPRegen 0.35/turn    R - ring "Onoept" {rCorr Str+4}
MPRegen 0.59/turn

%: wizardry (x1)
@: flying
A: antennae 3, yellow scales 1, powered by death 1, demonic magic 2
a: Renounce Religion, Potion Petition, Call Merchant, Bribe Branch


You were on level 11 of the Dungeon.
You worshipped Gozag.
Gozag was most pleased with you.
You visited 2 branches of the dungeon, and saw 12 of its levels.
You also visited: Ossuary, Bailey and Ice Cave.

You collected 4121 gold pieces.
You spent 1688 gold pieces at shops.
You paid 1210 gold pieces to Gozag.

Inventory:

Hand Weapons
 E - a +9 dagger (weapon)
Missiles
 d - 6 throwing nets
 h - 37 poisoned darts (quivered)
Armour
 s - a +1 pair of gloves of strength (worn)
 A - the +1 robe "Aneabb" (worn) {Contam Str+6}
   (You found it on level 6 of the Dungeon)

   Str+6:     It affects your strength (+6).
   Contam:    It causes magical contamination when unequipped.
 G - a +1 cloak (worn)
 M - a +0 pair of boots of flying (worn)
Jewellery
 l - a ring of positive energy
 n - an amulet of magic regeneration (around neck)
 w - an amulet of reflection
 I - a ring of protection from cold
 J - the ring of Dyeroir (left hand) {Wiz Will- Dex+5}
   (You bought it in a shop on level 11 of the Dungeon)

   [ring of wizardry]

   Wiz:       It improves your spell success rate.
   Dex+5:     It affects your dexterity (+5).
   Will-:     It decreases your willpower.
 O - a ring of positive energy
 P - the ring "Leruraw" {Fire rPois}
   (You found it in an ice cave)

   [ring of fire]

   Fire:      It enhances your fire magic.
   rF+:       It protects you from fire.
   rC-:       It makes you vulnerable to cold.
   rPois:     It protects you from poison
 Q - an amulet of regeneration
 R - the ring "Onoept" (right hand) {rCorr Str+4}
   (You found it in an ice cave)

   [ring of resist corrosion]

   Str+4:     It affects your strength (+4).
   rCorr:     It protects you from acid and corrosion.
Wands
 a - a wand of charming (3)
 p - a wand of mindburst (19)
 r - a wand of flame (17)
 B - a wand of iceblast (2)
Scrolls
 c - a scroll of fog
 e - 8 scrolls of teleportation
 f - 3 scrolls of fear
 k - a scroll of identify
 t - 3 scrolls of blinking
 u - 2 scrolls of immolation
 y - 2 scrolls of silence
 z - a scroll of poison
 C - a scroll of torment
 K - a scroll of vulnerability
Potions
 b - 3 potions of magic
 g - 3 potions of attraction
 i - a potion of heal wounds
 j - a potion of lignification
 m - 6 potions of brilliance
 v - 6 potions of curing
 x - 2 potions of haste
 L - 2 potions of ambrosia


   Skills:
 + Level 9.2 Fighting
 + Level 8.8 Dodging
 - Level 1.7 Stealth
 + Level 8.8 Spellcasting
 * Level 12.5 Ice Magic


You had 7 spell levels left.
You knew the following spells:

 Your Spells              Type           Power      Damage    Failure   Level
a - Freeze                Ice            100%       1d10      1%          1
b - Frozen Ramparts       Ice            100%       1d16      1%          3
c - Ozocubu's Armour      Ice            58%        N/A       1%          3
d - Summon Ice Beast      Ice/Summ       35%        N/A       2%          4
e - Hailstorm             Conj/Ice       35%        3d9       1%          3
f - Ozocubu's Refrigerat  Ice            29%        4d13      14%         7

Your spell library contained the following spells:

 Spells                   Type           Power      Damage    Failure   Level
 Ensorcelled Hibernation  Hex/Ice        70%        N/A       1%          2
 Foxfire                  Conj/Fire      36%        2x1d5     3%          1
 Sandblast                Erth           18%        2d7       3%          1
 Summon Small Mammal      Summ           36%        N/A       3%          1
 Jinxbite                 Hex            18%        N/A       4%          2
 Momentum Strike          Conj/Tloc      18%        3d8       4%          2
 Passwall                 Tmut/Erth      7%         N/A       4%          2
 Call Canine Familiar     Summ           9%         N/A       9%          3
 Inner Flame              Hex/Fire       9%         N/A       9%          3
 Stone Arrow              Conj/Erth      18%        3d8       9%          3
 Summon Guardian Golem    Hex/Summ       9%         N/A       9%          3
 Tukima's Dance           Hex            9%         N/A       9%          3
 Anguish                  Hex/Necr       4%         N/A       28%         4
 Brom's Barrelling Bould  Conj/Erth      9%         2d3       28%         4
 Flame Wave               Conj/Fire      9%         2d6       28%         4
 Leda's Liquefaction      Hex/Erth       4%         N/A       28%         4
 Passage of Golubria      Tloc           9%         N/A       28%         4
 Sticky Flame             Conj/Fire      9%         2d3       28%         4
 Vhi's Electric Charge    Tloc/Air       18%        N/A       28%         4
 Arcjolt                  Conj/Air       4%         1d14      58%         5
 Lee's Rapid Deconstruct  Erth           4%         3d5*      58%         5
 Summon Forest            Summ/Tloc      4%         N/A       58%         5
 Yara's Violent Unravell  Hex/Tmut       4%         3d4       58%         5
 Bombard                  Conj/Erth      4%         9d2       98%         6
 Plasma Beam              Fire/Air       4%         2x1d14    98%         6
 Starburst                Conj/Fire      4%         6d4       98%         6
 Orb of Destruction       Conj           4%         9d5       100%        7
 Spellforged Servitor     Conj/Summ      4%         N/A       100%        7


Dungeon Overview and Level Annotations

Branches:
Dungeon (11/15)            Temple (1/1) D:7             Orc (0/2) D:11
Ossuary (visited)          Bailey (visited)           IceCv (visited)
   Lair: D:8-11

Altars:
Ashenzari
Cheibriados
Dithmenos
Fedhas
Gozag
Hepliaklqana
Kikubaaqudgha
Makhleb
Nemelex Xobeh
Okawaru
Qazlal
Ru
Sif Muna
Trog
Uskayaw
Vehumet
Wu Jian
Xom
Yredelemnul

Shops:
D:8 *   D:9 :[?   D:11 *

Annotations:
D:4 2 transporters, GoblinPMC's ghost, novice FoFi


Innate Abilities, Weirdness & Mutations

You have a pair of large antennae on your head. (SInv)
You are partially covered in yellow scales. (AC +2)
You regenerate a little health from kills.
Spells you cast may paralyse nearby enemies.


Message History

Your icy armour cracks and falls away as you move.
The orc knight unwields a +0 arbalest.
The orc knight wields a +2 war axe of venom.
It begins to drip with poison!
The orc knight hits you with a +2 war axe of venom!
Okay, then.
E - a +9 dagger (weapon)
The orc knight hits you with a +2 war axe of venom!
You are poisoned.
You hit the orc knight.
The orc knight is severely wounded.
You feel very sick. The orc knight misses you.
You hit the orc knight.
The orc knight is almost dead.
You feel very sick.
The orc knight hits you with a +2 war axe of venom!
You are more poisoned.
You hit the orc knight.
The orc knight is almost dead.
You feel very sick.
The orc knight hits you with a +2 war axe of venom!
You are more poisoned.
Casting: Hailstorm (safe; 1% risk of failure)
Confirm with . or Enter, or press ? or * to list all spells.
Aiming: Freeze (safe; 1% risk of failure)
Press: ? - help, Shift-Dir - straight line, f - orc knight
Aim: an orc knight, wielding a +2 war axe of venom and wearing a +0 plate armour (almost dead)
You freeze the orc knight!
The orc knight is almost dead.
Malevolent energies surge around you.
* * * LOW HITPOINT WARNING * * *
You feel extremely sick.
The orc knight hits you with a +2 war axe of venom!!
* * * LOW HITPOINT WARNING * * *
You are more poisoned.
You feel better.
The orc knight hits you with a +2 war axe of venom!
You die...
Your body crumbles into a pile of gold.

##'#########. #
#............ .
#..........#. #### .##
#..........'.
.(o.###.###..........#.
.....รท..#..........#.
......#..........#. #o.#
#.)........##
###'####@.#####....#####
#..........#..#(...# {
#..........#..#....#
#######...#...#....### {
#.###.###......# {{ #.#
#..........# ..#
#..........# { ##. ####
#..........#
##..#######..........#


You could see an orc knight.

Vanquished Creatures
  An ice dragon (IceCv)
  2 hydras (D:11)
  A centaur warrior (D:11)
  2 two-headed ogres (D:10)
  Urug (D:10)
  A cyclops (D:11)
  A manticore (D:11)
  Maurice (D:10)
  2 ice statues (IceCv)
  An unseen horror (D:11)
  A gargoyle (D:11)
  6 rime drakes
  Psyche (D:10)
  A yaktaur (D:11)
  A tengu conjurer (D:11)
  An efreet (D:11)
  A meliai (D:11)
  A hornet (D:7)
  A troll (D:10)
  A shadow (D:11)
  3 wraiths
  10 yaks (D:9)
  3 wyverns
  A steam dragon (D:9)
  Pargi (D:3)
  2 acid dragons
  A water moccasin (D:7)
  A two-headed ogre zombie (D:11)
  2 sky beasts
  2 orc warriors
  2 ice beasts
  2 ogres
  6 wolves (Bailey)
  3 centaurs
  2 phantoms
  3 bullfrogs
  4 kobold brigands
  The ghost of knightboat the Magician, an amateur VSEn (D:3)
  10 gnoll sergeants
  4 scorpions
  9 wights
  9 killer bees
  2 lindwurm simulacra (IceCv)
  A troll zombie (D:11)
  3 howler monkeys
  2 centaur zombies (Ossuary)
  2 human zombies (Ossuary)
  3 komodo dragon simulacra (IceCv)
  2 jellies
  6 gnoll boudas
  2 hounds
  5 iguanas
  A sleepcap (D:6)
  9 orc wizards
  3 ogre zombies (D:11)
  5 mummies
  8 adders
  32 gnolls
  7 acid dragon simulacra (IceCv)
  A shadow imp (D:8)
  2 white imps
  2 ufetubi (D:5)
  3 steam dragon simulacra (IceCv)
  8 worms
  25 orcs
  7 bats
  6 endoplasms
  2 giant cockroaches
  9 goblins
  5 hobgoblins
  9 jackals
  6 ball pythons
  4 frilled lizards
  4 gnoll skeletons (D:11)
  A gnoll zombie (D:11)
  3 hobgoblin zombies (Ossuary)
  38 kobolds
  A kobold zombie (Ossuary)
  3 orc skeletons (D:11)
  15 orc zombies (D:11)
  12 rats
368 creatures vanquished.

Vanquished Creatures (collateral kills)
  A troll (D:9)
  A centaur simulacrum (D:11)
  A yak (D:9)
  A phantom (D:11)
  2 gnoll sergeants (Bailey)
  A hound (Bailey)
  A gnoll bouda (Bailey)
  3 ogre zombies (D:11)
  An acid dragon simulacrum (IceCv)
  3 gnolls
  3 steam dragon simulacra (IceCv)
  An orc (D:9)
  An orc zombie (D:11)
20 creatures vanquished.

Vanquished Creatures (others)
  An orc zombie (D:11)
1 creature vanquished.

Grand Total: 389 creatures vanquished

Notes
Turn   | Place    | Note
-------+----------+-------------------------------------------
     0 | D:1      | serber55 the Demonspawn Ice Elementalist began the quest
                  | for the Orb.
     0 | D:1      | Reached XP level 1. HP: 13/13 MP: 3/3
   283 | D:1      | Gained mutation: Spells you cast may paralyse adjacent
                  | enemies. [demonic ancestry]
   283 | D:1      | Reached XP level 2. HP: 20/20 MP: 1/5
   802 | D:1      | Reached skill level 4 in Ice Magic
   940 | D:1      | Reached skill level 1 in Fighting
   940 | D:1      | Reached XP level 3. HP: 25/26 MP: 1/6
  1223 | D:2      | Learned a level 3 spell: Frozen Ramparts
  2057 | D:3      | Noticed Pargi
  2069 | D:3      | Killed Pargi
  2070 | D:3      | Reached XP level 4. HP: 29/33 MP: 0/8
  2070 | D:3      | Gained mutation: You are partially covered in yellow
                  | scales. (AC +2) [demonic ancestry]
  2070 | D:3      | Reached XP level 5. HP: 33/38 MP: 0/9
  2251 | D:3      | Learned a level 3 spell: Ozocubu's Armour
  2485 | D:3      | Noticed a sky beast
  2485 | D:3      | Noticed a centaur
  2810 | D:3      | Killed a centaur
  2811 | D:3      | Reached skill level 5 in Ice Magic
  2811 | D:3      | Gained mutation: You have a pair of small antennae on your
                  | head. [demonic ancestry]
  2811 | D:3      | Reached XP level 6. HP: 15/46 MP: 10/10
  2991 | D:3      | Found a runed translucent door.
  2991 | D:3      | Noticed knightboat's ghost (amateur VSEn)
  3326 | D:3      | Killed a sky beast
  3368 | D:3      | Killed knightboat's ghost
  3541 | D:3      | Learned a level 4 spell: Summon Ice Beast
  3705 | D:4      | Found a transporter.
  3716 | D:4      | Noticed a wyvern
  3719 | D:4      | Noticed GoblinPMC's ghost (novice FoFi)
  3735 | D:4      | Found a transporter.
  3905 | D:4      | Reached XP level 7. HP: 43/52 MP: 6/12
  4068 | D:4      | You fall into a shaft and drop 3 floors!
  4167 | D:5      | Entered Level 5 of the Dungeon
  4257 | D:5      | Found a sand-covered staircase.
  4272 | Ossuary  | Entered an ossuary
  4481 | Ossuary  | Reached skill level 6 in Ice Magic
  5597 | D:5      | Reached XP level 8. HP: 55/60 MP: 11/14
  6382 | D:6      | Reached skill level 7 in Ice Magic
  6430 | D:6      | Identified the +1 robe "Aneabb" {Contam Str+6}
  6652 | D:6      | Found an ancient bone altar of Kikubaaqudgha.
  6982 | D:6      | Reached skill level 5 in Spellcasting
  7043 | D:7      | Reached skill level 5 in Dodging
  7182 | D:7      | Reached skill level 5 in Fighting
  7182 | D:7      | Gained mutation: You have a pair of antennae on your head.
                  | [demonic ancestry]
  7182 | D:7      | Reached XP level 9. HP: 68/68 MP: 10/16
  7385 | D:7      | Reached skill level 8 in Ice Magic
  7530 | D:7      | Found a shimmering blue altar of Sif Muna.
  7617 | D:7      | Found a staircase to the Ecumenical Temple.
  7663 | Temple   | Entered the Ecumenical Temple
  7744 | Temple   | Became a worshipper of Gozag Ym Sagoz the Greedy
  8322 | D:8      | Found a flagged portal.
  8327 | Bailey   | Entered a bailey
  8624 | Bailey   | Reached skill level 9 in Ice Magic
  8817 | Bailey   | Identified the quicksilver dragon scales of the Old and
                  | Reckless {rElec rC+ Will+ Dex+2 Stlth+}
  8991 | Bailey   | Gained mutation: You regenerate a little health from kills.
                  | [demonic ancestry]
  8991 | Bailey   | Reached XP level 10. HP: 63/76 MP: 9/19
  9679 | D:8      | Found a hazy altar of Hepliaklqana.
  9982 | D:8      | Found Gyalog's Assorted Antiques.
 10075 | D:9      | Found Ryoruen's Antique Armour Emporium.
 10078 | D:9      | Bought a pair of embroidered gloves for 195 gold pieces
 10078 | D:9      | Bought an embroidered cloak for 195 gold pieces
 10141 | D:9      | Reached skill level 10 in Ice Magic
 10504 | D:9      | Found Yrarogob's Magic Scroll Boutique.
 10510 | D:9      | Bought a scroll of enchant weapon for 105 gold pieces
 10571 | D:9      | Bought Toddoma's Spellbook of the Displaced Winter for 750
                  | gold pieces
 10575 | D:9      | Learned a level 3 spell: Hailstorm
 10583 | D:9      | Learned a level 7 spell: Ozocubu's Refrigeration
 10685 | D:9      | Gained mutation: You have a pair of large antennae on your
                  | head. (SInv) [demonic ancestry]
 10685 | D:9      | Reached XP level 11. HP: 75/84 MP: 12/21
 11152 | D:10     | Entered Level 10 of the Dungeon
 11363 | D:10     | Noticed a two-headed ogre
 11374 | D:10     | Killed a two-headed ogre
 11447 | D:10     | Found a stormy altar of Qazlal.
 11490 | D:10     | Noticed a two-headed ogre
 11499 | D:10     | Killed a two-headed ogre
 11500 | D:10     | Reached skill level 11 in Ice Magic
 11549 | D:10     | Noticed Urug
 11571 | D:10     | Killed Urug
 11909 | D:10     | Noticed Maurice
 11920 | D:10     | Maurice stole a ring of protection from cold
 11921 | D:10     | Killed Maurice
 11961 | D:10     | Noticed Psyche
 11970 | D:10     | Killed Psyche
 12063 | D:11     | Noticed an orc knight
 12242 | D:11     | Found Firhait's Assorted Antiques.
 12250 | D:11     | Bought a fine steel ring for 145 gold pieces
 12250 | D:11     | Identified the ring of Dyeroir {Wiz Will- Dex+5} (You
                  | bought it in a shop on level 11 of the Dungeon)
 12250 | D:11     | Bought a scroll labelled HOUM PESEBUFO for 29 gold pieces
 12250 | D:11     | Bought 2 emerald potions for 52 gold pieces
 12250 | D:11     | Bought a pair of embroidered boots for 217 gold pieces
 12330 | D:11     | Noticed a centaur warrior
 12340 | D:11     | Noticed a seven-headed hydra
 12341 | D:11     | Killed a centaur warrior
 12561 | D:11     | Found a staircase to the Orcish Mines.
 12697 | D:11     | Found a frozen archway.
 12720 | IceCv    | Entered an ice cave
 13552 | IceCv    | Noticed an ice dragon
 13653 | IceCv    | Killed an ice dragon
 13654 | IceCv    | Reached skill level 12 in Ice Magic
 13654 | IceCv    | Gained mutation: Spells you cast may paralyse nearby
                  | enemies. [demonic ancestry]
 13654 | IceCv    | Reached XP level 12. HP: 70/94 MP: 22/24
 13958 | IceCv    | Identified the ring "Leruraw" {Fire rPois}
 14298 | IceCv    | Identified the ring "Onoept" {rCorr Str+4}
 14980 | D:11     | Noticed a seven-headed hydra
 14989 | D:11     | Killed a seven-headed hydra
 15008 | D:11     | Killed a seven-headed hydra
 15335 | D:11     | Slain by an orc knight

Illustrated notes

Levels and vault maps discovered:
D:1:      sevenhm_arrival_forest_fort_small_3, layout_basic, serial_rivers,
          chequers_serial_rivers_room_a, chequers_serial_rivers_small_3,
          chequers_serial_rivers_small_3, chequers_serial_rivers_room_a,
          chequers_serial_rivers_small_3
D:2:      layout_basic, nicolae_wormholes
D:3:      layout_basic, gammafunk_ghost_grave, minmay_divided_ellipse,
          uniq_pargi
D:4:      layout_rooms, gammafunk_ghost_arena
D:5:      kennysheep_kobold_camp, layout_loops_ring, gup_ossuary_entry_pyramid
D:6:      layout_rooms, jmf_multi_god_temple, minmay_misc_feat_cross,
          hangedman_abyss_or_decor_slice
D:7:      layout_basic, tgw_sif, temple_fountains
D:8:      layout_rooms, lemuel_doored_altar, enter_bailey_3, serial_shops,
          nicolae_shop_back_alley_shop
D:9:      layout_grid_maze, serial_shops, kennysheep_little_box, shop,
          minmay_variable_closet
D:10:     layout_cave_pools, mainiacjoe_overflow_concentric_impassable,
          roderic_serpentine_path, uniq_psyche, uniq_maurice, uniq_urug
D:11:     minmay_klotski, layout_gridville, zombieorc2_lemuel, serial_shops,
          shop, portal_ice_cave_rime, grunt_ogre_cave, minivault_28, uniq_sonja
Temple:   minmay_crystal_spiral_temple

Skill      XL: |  1  2  3  4  5  6  7  8  9 10 11 12 |
---------------+-------------------------------------+-----
Dodging        | 2 3 4 5 6 7 8 |  8.8
Ice Magic      | 4 5 6 7 9 10 12 | 12.5
Fighting       | 1 2 3 5 6 7 8 9 |  9.2
Spellcasting   | 3 4 5 6 7 8 |  8.8
Stealth        | |  1.7

Action                     |  1- 3 |  4- 6 |  7- 9 | 10-12 || total
---------------------------+-------+-------+-------+-------++-------
  Melee: Unarmed           |    20 |       |       |       ||    20
         Club              |    18 |       |       |       ||    18
         Dagger            |    50 |    96 |   351 |   314 ||   811
         Punch             |       |       |     6 |     4 ||    10
  Throw: Dart              |     3 |       |     9 |    30 ||    42
   Cast: Freeze            |    48 |     6 |    64 |    62 ||   180
         Frozen Ramparts   |     5 |    11 |    52 |    52 ||   120
         Ozocubu's Armour  |       |     7 |    47 |    58 ||   112
         Summon Ice Beast  |       |       |     3 |    28 ||    31
         Hailstorm         |       |       |       |    78 ||    78
         Ozocubu's Refrige |       |       |       |     1 ||     1
 Invoke: Call Merchant     |       |       |       |     1 ||     1
         Potion Petition   |       |       |       |     1 ||     1
  Evoke: Wand              |       |       |     7 |    12 ||    19
    Use: Potion            |       |     2 |     1 |    10 ||    13
         Scroll            |       |       |    18 |     6 ||    24
   Stab: Paralysed         |    19 |    13 |    55 |    92 ||   179
         Sleeping          |     1 |       |     1 |       ||     2
         Invisible         |       |       |       |     4 ||     4
         Distracted        |       |       |       |     2 ||     2
 Armour: Robe              |    56 |    65 |   280 |   198 ||   599
         Skin              |       |       |       |    61 ||    61
  Dodge: Dodged            |    61 |    67 |   292 |   216 ||   636

Table legend: (Time is in decaauts)
 A = Elapsed time spent in this place.
 B = Non-inter-level travel time spent in this place.
 C = Inter-level travel time spent in this place.
 D = Time resting spent in this place.
 E = Time spent auto-exploring this place.
 F = Levels seen in this place.
 G = Mean time per level.
                   A        B        C        D        E       F      G
               +--------+--------+--------+--------+--------+-----+--------+
         Total |  15350 |  14544 |    806 |   3626 |   6775 |  15 | 1023.3 |
       Dungeon |  11784 |  11138 |    646 |   1752 |   6529 |  11 | 1071.3 |
        Temple |    162 |      2 |    160 |      0 |      0 |   1 |  162.0 |
       Ossuary |    815 |    815 |      0 |    432 |     25 |   1 |  815.0 |
        Bailey |    974 |    974 |      0 |    512 |    148 |   1 |  974.0 |
      Ice Cave |   1612 |   1612 |      0 |    929 |     73 |   1 | 1612.0 |
               +--------+--------+--------+--------+--------+-----+--------+

Top non-repeatable levels by time:
   IceCv: 1612 daAuts
     D:3: 1505 daAuts
    D:11: 1423 daAuts
     D:5: 1185 daAuts
     D:1: 1160 daAuts
     D:7: 1150 daAuts
     D:9: 1143 daAuts
    D:10: 1138 daAuts
  Bailey: 974 daAuts
     D:2: 936 daAuts
 Ossuary: 815 daAuts
     D:8: 774 daAuts
     D:6: 742 daAuts
     D:4: 621 daAuts
  Temple: 162 daAuts
